 Dungeon Crawl Stone Soup version 0.19-b1-3-g7dea586 (webtiles) character file.

44 HeyBub the Sneak (level 3, 0/16 HPs)
             Began as a Spriggan Enchanter on Oct 30, 2016.
             Succumbed to an adder's poison
             ... on level 2 of the Dungeon.
             The game lasted 00:03:36 (1574 turns).

HeyBub the Sneak (Spriggan Enchanter)               Turns: 1574, Time: 00:03:36

Health: 0/16       AC:  3    Str:  6 (9)  XL:     3   Next: 39%
Magic:  8/8        EV: 18    Int: 15 (17) God:
Gold:   76         SH:  0    Dex: 15 (16) Spells: 1 memorised, 7 levels left

rFire  . . .     SeeInvis +     a - +1 dagger
rCold  . . .     Gourm    .     b - +1 robe
rNeg   . . .     Faith    .     (shield restricted)
rPois  .         Spirit   .     (helmet restricted)
rElec  .         Reflect  .     (no cloak)
rCorr  .         Harm     .     (gloves unavailable)
MR     .....                    (boots unavailable)
Stlth  +++.......               (no amulet)
                                (no ring)
                                (no ring)

@: mighty, lethally poisoned (0 -> -5), very quick
A: unfitting armour, see invisible, herbivore 3, speed 3, slow metabolism 2
a: no special abilities


You were on level 2 of the Dungeon.
You were very full.

You visited 1 branch of the dungeon, and saw 2 of its levels.

You collected 76 gold pieces.

Inventory:

Hand Weapons
 a - a +1 dagger (weapon)
Armour
 b - a +1 robe (worn)
Scrolls
 e - 3 scrolls of remove curse {unknown}
 f - a scroll of recharging {unknown}
 i - a scroll of identify {unknown}
Potions
 g - a potion of degeneration
 h - a potion of might
Books
 c - a book of Maledictions

   Spells                             Type                      Level
   a - Corona                         Hexes                        1
   b - Ensorcelled Hibernation        Hexes/Ice                    2
   c - Confuse                        Hexes                        3
   d - Tukima's Dance                 Hexes                        3
   e - Dazzling Spray                 Conjuration/Hexes            3


   Skills:
 + Level 1.9 Short Blades
 + Level 3.0 Dodging
 + Level 5.5 Stealth
 + Level 3.1 Spellcasting
 + Level 4.0 Hexes


You had 7 spell levels left.
You knew the following spells:

 Your Spells              Type           Power        Failure   Level  Hunger
a - Corona                Hex            ##.....      4%          1    #......


Dungeon Overview and Level Annotations

Branches:
Dungeon (2/15)

Altars:


Innate Abilities, Weirdness & Mutations

You are very small and have problems with some larger weapons.
You are too small for most types of armour.
You have supernaturally acute eyesight. (SInv)
You are a herbivore.
You cover ground extremely quickly.
You need consume almost no food.


Message History

* * * LOW HITPOINT WARNING * * *
You feel sick.
* * * LOW HITPOINT WARNING * * *
You feel sick.
A bat comes into view.
There is a stone staircase leading down here.
* * * LOW HITPOINT WARNING * * *
You feel sick. The bat closely misses you.
You puncture the bat!
You kill the bat!
You start eating the bread ration.
Keep eating?
* * * LOW HITPOINT WARNING * * *
You feel sick.
You continue eating. x2
You finish eating.
That bread ration really hit the spot!
* * * LOW HITPOINT WARNING * * *
You feel sick.
You die...

..# ##.#.##### #.#
############.###.....
#.#######...........## ##.###
#.........####.#####.###.####
#.#####.######........#......
#.##............#.##.........
#.##.######.......##...#####.
#.##.######.......##.......#.
#...........@.....##...##....
####.######.......##...#.....
#.#####........##.>.......
#.#.....#.<.##.##...#.....
#..........##.)...........
###.......................
##...#.........).####.##
#...#...#..####.# #.#
######.#####.#..# #.# #.#


There were no monsters in sight!

Vanquished Creatures
  2 adders (D:2)
  2 leopard geckos (D:1)
  3 giant cockroaches (D:1)
  A goblin (D:1)
  3 hobgoblins
  A ball python (D:2)
  4 bats
  2 frilled lizards (D:1)
  3 kobolds
  4 rats (D:1)
25 creatures vanquished.

Notes
Turn   | Place    | Note
-------+----------+-------------------------------------------
     0 | D:1      | HeyBub the Spriggan Enchanter began the quest for the Orb.
     0 | D:1      | Reached XP level 1. HP: 9/9 MP: 5/5
   174 | D:1      | Reached XP level 2. HP: 2/13 MP: 6/6
   708 | D:1      | Reached skill level 5 in Stealth
  1360 | D:2      | Reached XP level 3. HP: 7/16 MP: 6/8
  1574 | D:2      | Succumbed to an adder's poison

Skill      XL: |  1  2  3 |
---------------+----------+-----
Stealth        | 5 |  5.5
Spellcasting   | 3 |  3.1
Hexes          | 4 |  4.0
Short Blades   | |  1.9
Dodging        | |  3.0

Action                   || total
-------------------------++-------
Melee: Dagger            ||   103
 Cast: Corona            ||    10
  Use: Potion            ||     2
 Stab: Sleeping          ||     6
  Eat: Bread ration      ||     1
Armor: Robe              ||     9
Dodge: Dodged            ||    79
